 Dungeon Crawl Stone Soup version 0.29-a0-887-gcbe080d7e0 (webtiles) character file.

Game seed: 13563689222478793480

254 zeratav the Stinger (level 6, -8/36 HPs)
             Began as an Octopode Venom Mage on July 21, 2022.
             Mangled by an ogre
             ... wielding a +0 giant spiked club
              (21 damage)
             ... on level 4 of the Dungeon.
             The game lasted 00:06:16 (3028 turns).

zeratav the Stinger (Octopode Venom Mage)           Turns: 3028, Time: 00:06:17

Health: -8/36      AC:  5    Str:  7    XL:     6   Next: 14%
Magic:  1/9        EV: 13    Int: 19    God:
Gold:   138        SH:  0    Dex: 13    Spells: 6/9 levels left

rFire   . . .      SeeInvis .   d - +3 dagger (venom) {short}
rCold   . . .      Faith    .   (no shield)
rNeg    . . .      Spirit   .   (helmet restricted)
rPois   .          Reflect  .   (no amulet)
rElec   .          Harm     .   c - +4 ring of protection
rCorr   .          Rampage  .   (no ring)
Will    .....                   (no ring)
Stlth   ++++......              (no ring)
HPRegen 0.12/turn               (no ring)
MPRegen 0.11/turn               (no ring)
                                (no ring)
                                (no ring)

@: lethally poisoned (-8 -> -10), about to teleport
A: almost no armour, amphibious, 8 rings, camouflage 1, gelatinous body 1,
(nimble swimmer 1), tentacles
a: no special abilities


You were on level 4 of the Dungeon.
You visited 1 branch of the dungeon, and saw 4 of its levels.

You collected 138 gold pieces.


Innate Abilities, Weirdness & Mutations

You cannot wear most types of armour.
You are amphibious.
You can wear up to eight rings at the same time.
Your skin changes colour to match your surroundings (Stealth+).
Your rubbery body absorbs attacks. (AC +1, EV +1)
((You are camouflaged when in or above water. (Stealth+)))
You have tentacles for arms and can constrict up to eight enemies at once.


   Skills:
 - Level 2.0 Dodging
 - Level 5.0 Stealth
 - Level 2.0 Spellcasting
 - Level 1.0 Transmutations
 + Level 7.2 Poison Magic


You had 6 spell levels left.
You knew the following spells:

 Your Spells              Type           Power      Damage    Failure   Level
a - Sting                 Tmut/Pois      68%        1d6       3%          1
b - Poisonous Vapours     Pois/Air       30%        N/A       6%          2

Your spell library contained the following spells:

 Spells                   Type           Power      Damage    Failure   Level
 Olgreb's Toxic Radiance  Pois           29%        N/A       9%          4
 Mephitic Cloud           Conj/Pois/Air  11%        N/A       19%         3

Inventory:

Hand Weapons
 d - a +3 dagger of venom (weapon) {short}
   (You took it off a goblin on level 1 of the Dungeon)
 h - a +8 club of freezing {mace}
   (You took it off Jessica on level 2 of the Dungeon)
Jewellery
 c - a +4 ring of protection (left tentacle)
   (You found it on level 1 of the Dungeon)
Scrolls
 e - 3 scrolls of teleportation {@r4}
 f - a scroll of amnesia
 l - a scroll of fog
Potions
 a - a potion of magic
 b - 3 potions of brilliance
 g - a potion of mutation {unknown}
 i - a potion of haste {unknown}
 j - a potion of might {unknown}
 k - a potion of curing {unknown}
 m - a potion of heal wounds {unknown}
 o - a potion of degeneration {unknown}

Dungeon Overview and Level Annotations

Branches:
Dungeon (4/15) Zot: 20972
 Temple: D:4-7

Altars:

Annotations:
D:2 Sigmund

#....##..#.......
#....###.#.#.####
#....# #...#.####
#....# ##..#.#...
#..).# #..#.#.##
? #....# #..#.#.#
... #....#
##.#.#.#
.....#####....##
#...#.#
........o@.....#
#...#.#
.........JO....#
#..>..#
####...........#
#####.#
#...........# #.#
#...........# #.#
#..[........# #.#
#...........# #.#
#...........# #.#
#.#


You could see an ogre (extremely poisoned), an orc and an endoplasm.


Message History

a +0 club {mace}; a +0 club {mace}; a stone {throwing}
There is an open door here.
HP[+1] HP[+1] HP[+1]
Your hp is fully restored (31).
n - a scroll of identify {@r1} A ball python comes into view.
You hear the brisk hiss of a very distant avalanche of sand.
As you read the scroll of identify {@r1}, it crumbles to dust.
b - 3 potions of brilliance The ball python attacks as you move away!
The ball python bites you. The ball python closely misses you.
HP[-1]
You take 1 damage, and now have 30/31 hp.
The ball python attacks as you move away!
The ball python misses you.
You hit the ball python.
You kill the ball python!
HP[+1]
Your hp is fully restored (31).
An orc comes into view. It is wielding a +0 flail.
You hear the brisk hiss of an avalanche of sand nearby.
An adder comes into view.
The adder hisses angrily.
The orc shouts!
A scorpion comes into view.
You hit the adder.
The adder is poisoned.
You grab the adder. You squeeze the adder. You constrict the adder.
The adder barely misses you.
An endoplasm comes into view.
You hit the adder. You constrict the adder.
You kill the adder!
An ogre comes into view. It is wielding a +0 giant spiked club.
The scorpion barely misses you.
You completely miss the scorpion. You grab the scorpion.
You constrict the scorpion, but do no damage.
The scorpion barely misses you. The orc barely misses you.
You hit the scorpion.
The scorpion is poisoned.
You constrict the scorpion, but do no damage.
The scorpion stings you but does no damage.
The scorpion barely misses you. The orc barely misses you.
You release your grip on the scorpion.
The orc closely misses you. The scorpion attacks as you move away!
The scorpion stings you.
You are poisoned.
The scorpion poisons you!
You feel sick.
You kill the scorpion!
Your Poison Magic skill increases to level 7!
You have reached level 6!
HP[-1] MP[+1]
You now have 36 max hp (+5).
Your mp is fully restored (9).
Casting: Sting (safe; 3% risk of failure)
Confirm with . or Enter, or press ? or * to list all spells.
Aiming: Poisonous Vapours (safe; 6% risk of failure)
Press: ? - help, Dir - move target, f - ogre
Aim: an ogre, wielding a +0 giant spiked club Poisonous vapours surround the ogre!
The ogre is poisoned.
You feel sick. The endoplasm barely misses you. The orc barely misses you.
HP[-2] MP[-2]
You take 2 damage, and now have 28/36 hp.
You lost 2 mp, and now have 7/9 mp.
Casting: Poisonous Vapours (safe; 6% risk of failure)
Confirm with . or Enter, or press ? or * to list all spells.
Aiming: Poisonous Vapours (safe; 6% risk of failure)
Press: ? - help, Dir - move target, f/p - ogre
Aim: an ogre, wielding a +0 giant spiked club (poisoned) Poisonous vapours surround the ogre!
The ogre looks even sicker.
You feel sick. The ogre barely misses you. The endoplasm freezes you.
You are frozen.
The orc barely misses you.
HP[-5] MP[-2]
You take 5 damage, and now have 23/36 hp.
You lost 2 mp, and now have 5/9 mp.
Casting: Poisonous Vapours (safe; 6% risk of failure)
Confirm with . or Enter, or press ? or * to list all spells.
Aiming: Poisonous Vapours (safe; 6% risk of failure)
Press: ? - help, Dir - move target, f/p - ogre
Aim: an ogre, wielding a +0 giant spiked club (very poisoned) Poisonous vapours surround the ogre!
The ogre looks even sicker.
You feel sick. The orc closely misses you. The endoplasm barely misses you.
HP[-1] MP[-2]
You take 1 damage, and now have 22/36 hp.
You lost 2 mp, and now have 3/9 mp.
Casting: Poisonous Vapours (safe; 6% risk of failure)
Confirm with . or Enter, or press ? or * to list all spells.
Aiming: Poisonous Vapours (safe; 6% risk of failure)
Press: ? - help, Dir - move target, f/p - ogre
Aim: an ogre, wielding a +0 giant spiked club (lightly wounded, very poisoned) Poisonous vapours surround the ogre!
The ogre looks as sick as possible!
You feel sick. The ogre barely misses you. The endoplasm hits you.
The orc hits you with a +0 flail.
* * * LOW HITPOINT WARNING * * *
HP[-8] MP[-2]
You take 8 damage, and now have 14/36 hp.
MASSIVE DAMAGE!! (PAUSE)
You lost 2 mp, and now have 1/9 mp.
As you read the scroll of teleportation {@r4}, it crumbles to dust.
You feel strangely unstable.
You feel sick.
The ogre hits you with a +0 giant spiked club!!
Ouch! That really hurt!
You die...

Skill      XL: |  1  2  3  4  5 |
---------------+----------------+-----
Stealth        | 3 4 5 |  5.0
Poison Magic   | 4 5 7 |  7.2
Dodging        | |  2.0
Spellcasting   | |  2.0
Transmutations | |  1.0

Action                   |  1- 3 |  4- 6 || total
-------------------------+-------+-------++-------
Melee: Dagger            |    40 |   102 ||   142
       Constrict         |    11 |    28 ||    39
       Tentacles         |     9 |    18 ||    27
       Short sword       |     3 |       ||     3
       Unarmed           |     3 |       ||     3
       Punch             |       |     1 ||     1
 Cast: Sting             |     2 |       ||     2
       Poisonous Vapours |       |     4 ||     4
  Use: Scroll            |       |    13 ||    13
 Stab: Sleeping          |     9 |    11 ||    20
Armor: Skin              |    17 |    39 ||    56
Dodge: Dodged            |    37 |    88 ||   125

Levels and vault maps discovered:
D:1:      minmay_arrival_glassed_features, layout_basic
D:2:      layout_rooms, uniq_jessica, uniq_sigmund
D:3:      layout_basic, cheibrodos_sewer_entry_bend, roderic_batcave
D:4:      corexii_shantytown, layout_basic, chequers_ossuary_entry_cave,
          nicolae_shop_sticking_my_neck_out

Notes
Turn   | Place    | Note
-------+----------+-------------------------------------------
     0 | D:1      | zeratav the Octopode Venom Mage began the quest for the
                  | Orb.
     0 | D:1      | Reached XP level 1. HP: 11/11 MP: 3/3
     0 | D:1      | magus.rc [v1.9.6]
   222 | D:1      | Reached skill level 3 in Stealth
   273 | D:1      | Reached skill level 4 in Poison Magic
   273 | D:1      | Reached XP level 2. HP: 14/17 MP: 5/5
   350 | D:1      | Learned a level 2 spell: Poisonous Vapours
   494 | D:1      | Reached XP level 3. HP: 18/21 MP: 6/6
   497 | D:1      | Reached skill level 4 in Stealth
  1120 | D:2      | Noticed Jessica
  1127 | D:2      | Killed Jessica
  1128 | D:2      | Reached XP level 4. HP: 27/27 MP: 7/7
  1188 | D:2      | Reached skill level 5 in Poison Magic
  1494 | D:2      | Noticed Sigmund
  1835 | D:3      | Reached skill level 5 in Stealth
  1895 | D:3      | Reached XP level 5. HP: 26/31 MP: 8/8
  2330 | D:3      | Reached skill level 6 in Poison Magic
  3018 | D:4      | Noticed an ogre
  3024 | D:4      | Reached skill level 7 in Poison Magic
  3024 | D:4      | Reached XP level 6. HP: 30/36 MP: 9/9
  3028 | D:4      | Mangled by an ogre

Vanquished Creatures
  A scorpion (D:4)
  A vampire bat (D:3)
  Jessica (D:2)
  A gnoll (D:4)
  2 adders (D:4)
  2 worms (D:3)
  A dart slug (D:1)
  2 orcs (D:4)
  6 endoplasms
  2 giant cockroaches
  11 goblins
  11 hobgoblins
  8 jackals (D:1)
  6 quokkas
  6 ball pythons
  16 bats
  10 kobolds
  2 rats (D:2)
89 creatures vanquished.

Table legend:
 A = Non-vault XP
 B = Vault XP
 C = Vault XP percentage of total XP
 D = Non-vault monster count
 E = Vault monster count
 F = Vault count percentage of total count
                 A         B        C        D         E       F
            +---------+---------+-------+---------+---------+-------
      Total |     219 |     144 |  39.7 |      64 |      25 |  28.1
            +---------+---------+-------+---------+---------+-------
        D:1 |      53 |       0 |   0.0 |      28 |       0 |   0.0
        D:2 |      25 |      37 |  59.7 |      15 |       1 |   6.2
        D:3 |      29 |      70 |  70.7 |      14 |      11 |  44.0
        D:4 |     112 |      37 |  24.8 |       7 |      13 |  65.0
            +---------+---------+-------+---------+---------+-------

Illustrated notes

Table legend:
 A = Kills in this place as a percentage of kills in entire the game.
 B = Kills by you in this place as a percentage of kills by you in the entire game.
 C = Kills by friends in this place as a percentage of kills by friends in the entire game.
 D = Other kills in this place as a percentage of other kills in the entire game.
 E = Experience gained in this place as a percentage of experience gained in the entire game.
 F = Experience gained in this place divided by the number of levels of this place that you have seen.
                   A       B       C       D       E      F
               +-------+-------+-------+-------+-------+----------------------
         Total | 100.0 | 100.0 |   N/A |   N/A | 100.0 |  90.8
       Dungeon | 100.0 | 100.0 |   N/A |   N/A | 100.0 |  90.8
               +-------+-------+-------+-------+-------+----------------------

Table legend: (Time is in decaauts)
 A = Elapsed time spent in this place.
 B = Non-inter-level travel time spent in this place.
 C = Inter-level travel time spent in this place.
 D = Time resting spent in this place.
 E = Time spent auto-exploring this place.
 F = Levels seen in this place.
 G = Mean time per level.
                   A        B        C        D        E       F      G
               +--------+--------+--------+--------+--------+-----+--------+
         Total |   3026 |   2897 |    129 |    246 |   2050 |   4 |  756.5 |
       Dungeon |   3026 |   2897 |    129 |    246 |   2050 |   4 |  756.5 |
               +--------+--------+--------+--------+--------+-----+--------+

Top non-repeatable levels by time:
     D:1: 1085 daAuts
     D:3: 923 daAuts
     D:2: 594 daAuts
     D:4: 421 daAuts
